 Dungeon Crawl Stone Soup version 0.31-a0-1606-g60c5cc7444 (webtiles) character file.

Game seed: 16566332198602148265

268952 tish the Warrior (level 20, -11/191 HPs)
             Began as a Hill Orc Monk on Jan 7, 2024.
             Was the Champion of Nemelex Xobeh.
             Killed from afar by a balrug (13 damage)
             ... with a bolt of fire
             ... on level 4 of the Abyss on Jan 8, 2024.
             The game lasted 02:21:08 (47063 turns).

tish the Warrior (Hill Orc Monk)                   Turns: 47063, Time: 02:21:08

Health: -11/191    AC: 31    Str: 34    XL:     20   Next: 17%
Magic:  30/32      EV: 13    Int: 15    God:    Nemelex Xobeh [******]
Gold:   2811       SH: 17    Dex: 16    Spells: 19/19 levels left

rFire   + . .        a - +4 broad axe (elec)
rCold   . . .        u - +3 kite shield
rNeg    . . .        L - +0 plate armour of Anaesthesia {Str+4}
rPois   .            s - +2 helmet
rElec   .            w - +2 cloak of the Carpenter {Str+4 Dex+3}
rCorr   .            N - +2 pair of gloves {Str+3}
SInv    +            Z - +2 pair of boots
Will    ++...        o - amulet of regeneration Stlth
                     q - ring "Lely" {*Slow Fly Will+ Int+5 SInv}
HPRegen 0.00/turn    O - ring of protection from fire
MPRegen 0.23/turn

%: slow self (1%)
@: sick, flying, glowing
A: no striking features
}: 2/15 runes: decaying, serpentine
a: Renounce Religion, Draw Escape, Draw Destruction, Draw Summoning, Triple
Draw, Deal Four, Stack Five


You were on level 4 of the Abyss.
You worshipped Nemelex Xobeh.
Nemelex Xobeh was exalted by your worship.
You visited 7 branches of the dungeon, and saw 33 of its levels.
You visited the Abyss 1 time.
You also visited: Ossuary, Bailey and Ice Cave.

You collected 3685 gold pieces.
You spent 874 gold pieces at shops.

Inventory:

Hand Weapons
 a - a +4 broad axe of electrocution (weapon)
 b - a +0 morningstar of protection
 g - the +9 dagger of Context {drain, *Rage rElec Int+6 Stlth+}
   (You found it on level 1 of the Snake Pit)

   Int+6:     It affects your intelligence (+6).
   rElec:     It insulates you from electricity.
   *Rage:     It berserks you when you make melee attacks (+20% chance).
   Stlth+:    It makes you more stealthy.
Missiles
 i - 5 darts of dispersal
Armour
 s - a +2 helmet (worn)
 u - a +3 kite shield (worn)
 w - the +2 cloak of the Carpenter (worn) {Str+4 Dex+3}
   (You acquired it on level 1 of the Snake Pit)

   Str+4:     It affects your strength (+4).
   Dex+3:     It affects your dexterity (+3).
 L - the +0 plate armour of Anaesthesia (worn) {Str+4}
   (You found it in a bailey)

   Str+4:     It affects your strength (+4).
 N - a +2 pair of gloves of strength (worn)
 Z - a +2 pair of boots (worn)
Jewellery
 e - a ring of protection from cold
 o - an amulet of regeneration (around neck)
 q - the ring "Lely" (left hand) {*Slow Fly Will+ Int+5 SInv}
   (You took it off a kobold on level 4 of the Dungeon)

   [ring of willpower]

   Int+5:     It affects your intelligence (+5).
   Will+:     It increases your willpower.
   SInv:      It lets you see invisible.
   Fly:       It grants you flight.
   *Slow:     It may slow you when you take damage.
 x - a +4 ring of protection
 C - a ring of resist corrosion
 O - a ring of protection from fire (right hand)
 Q - a ring of protection from fire
 U - a ring of poison resistance
 W - a +4 ring of slaying
Wands
 l - a wand of charming (16)
 B - a wand of digging (7)
 E - a wand of light (24)
 F - a wand of flame (38)
 G - a wand of roots (17)
 V - a wand of polymorph (17)
Scrolls
 f - 4 scrolls of torment
 n - 7 scrolls of teleportation
 p - 3 scrolls of amnesia
 r - 4 scrolls of fog
 v - 5 scrolls of poison
 z - a scroll of silence
 I - 5 scrolls of fear
 J - 3 scrolls of immolation
 R - a scroll of butterflies
 T - a scroll of revelation
 X - 3 scrolls of vulnerability
Potions
 c - a potion of ambrosia
 d - 6 potions of resistance
 h - 4 potions of enlightenment
 j - 10 potions of curing
 k - 4 potions of magic
 m - 3 potions of haste
 t - 3 potions of berserk rage
 A - a potion of might
 D - 3 potions of attraction
 H - 4 potions of brilliance
 M - 4 potions of cancellation
 P - 4 potions of invisibility
 S - 2 potions of lignification
 Y - 3 potions of mutation
Miscellaneous
 K - a sack of spiders


   Skills:
 + Level 19.3 Fighting
 - Level 12.6(18.2) Axes
 - Level 17.9(19.0) Maces & Flails
 - Level 15.0 Armour
 - Level 10.0 Dodging
 - Level 15.0 Shields
 - Level 17.0 Invocations
 - Level 8.0 Evocations


You had 19 spell levels left.
You didn't know any spells.
Your spell library contained the following spells:

 Spells                   Type           Power      Damage    Failure   Level
 Apportation              Tloc           0%         N/A       85%         1
 Magic Dart               Conj           0%         1d3       85%         1
 Necrotise                Necr           0%         1d4       85%         1
 Shock                    Conj/Air       0%         1d3       85%         1
 Sting                    Conj/Alch      0%         1d3       85%         1
 Summon Small Mammal      Summ           0%         N/A       85%         1
 Blink                    Tloc           0%         N/A       94%         2
 Call Imp                 Summ           0%         N/A       94%         2
 Ensorcelled Hibernation  Hex/Ice        0%         N/A       94%         2
 Frozen Ramparts          Ice            0%         1d1       99%         3
 Gell's Gravitas          Tloc           0%         N/A       99%         3
 Hailstorm                Conj/Ice       0%         3d5       99%         3
 Passwall                 Erth           0%         N/A       99%         3
 Summon Ice Beast         Ice/Summ       0%         N/A       99%         3
 Swiftness                Air            0%         N/A       99%         3
 Teleport Other           Tloc           0%         N/A       99%         3
 Volatile Blastmotes      Fire/Tloc      0%         2d10      99%         3
 Airstrike                Air            0%         2d(0-16)  100%        4
 Anguish                  Hex/Necr       0%         N/A       100%        4
 Animate Dead             Necr           0%         N/A       100%        4
 Cause Fear               Hex            0%         N/A       100%        4
 Fulminant Prism          Conj/Alch      0%         3d5       100%        4
 Iskenderun's Mystic Bla  Conj/Tloc      0%         2d3       100%        4
 Olgreb's Toxic Radiance  Alch           0%         N/A       100%        4
 Sticky Flame             Fire/Alch      0%         2d4       100%        4
 Alistair's Intoxication  Alch           0%         N/A       100%        5
 Borgnjor's Vile Clutch   Necr/Erth      0%         N/A       100%        5
 Summon Forest            Summ/Tloc      0%         N/A       100%        5
 Conjure Ball Lightning   Conj/Air       0%         3x3d6     100%        6
 Death Channel            Necr           0%         N/A       100%        6
 Dispersal                Tloc           0%         N/A       100%        6
 Eringya's Noxious Bog    Alch           0%         4d6       100%        6
 Sculpt Simulacrum        Ice/Alch       0%         N/A       100%        6
 Enfeeble                 Hex            0%         N/A       100%        7
 Haunt                    Necr/Summ      0%         N/A       100%        7
 Ozocubu's Refrigeration  Ice            0%         4d7       100%        7
 Summon Hydra             Summ           0%         N/A       100%        7
 Borgnjor's Revivificati  Necr           0%         N/A       100%        8
 Discord                  Hex            0%         N/A       100%        8
 Disjunction              Tloc           0%         N/A       100%        8
 Death's Door             Necr           0%         N/A       100%        9
 Polar Vortex             Ice            0%         N/A       100%        9


Dungeon Overview and Level Annotations

Branches:
Dungeon (15/15)            Temple (1/1) D:7            Lair (5/5) D:8
  Swamp (4/4) Lair:3        Snake (4/4) Lair:2        Slime (0/5) Lair:5
    Orc (2/2) D:11            Elf (2/3) Orc:2        Vaults (0/5) D:13
 Depths (0/4) D:15        Ossuary (visited)          Bailey (visited)
  IceCv (visited)

Altars:
Ashenzari
Cheibriados
Dithmenos
Elyvilon
Fedhas
Gozag
Hepliaklqana
Kikubaaqudgha
Makhleb
Nemelex Xobeh
Okawaru
Qazlal
Ru
Sif Muna
Trog
Uskayaw
Vehumet
Wu Jian
Xom
Yredelemnul
Zin
The Shining One

Shops:
Orc:2 (=?!   Snake:2 (

Annotations:
D:11 1 runed translucent door, hitsuchi's ghost, journeyman NaAl
Swamp:3 1 runed translucent door, Cahekav's ghost, journeyman DrIE


Message History

You destroy the starcursed mass!
You slash the sky beast!
You kill the sky beast!
Your deep elf master archer shoots an arrow.
The daeva blocks the arrow.
The thrashing horror tramples you!
* * * LOW HITPOINT WARNING * * *
You hold your ground!
You block the thrashing horror's attack.
Your deep elf master archer shoots an arrow.
The arrow hits the daeva.
You block the daeva's attack. The daeva closely misses you.
The daeva blocks your attack.
The daeva is heavily wounded.
You hit the raiju but do no damage. You slash the efreet!
You slash the thrashing horror!
You block the thrashing horror's attack.
The thrashing horror tramples you but does no damage.
Your deep elf master archer shoots an arrow.
The arrow misses the daeva.
You block the efreet's attack.
You slash the efreet!
The efreet is severely wounded.
You slash the raiju! You barely miss the daeva.
Your naga sharpshooter spits poison at the daeva.
The splash of poison hits the efreet.
The efreet is poisoned.
Your deep elf master archer shoots an arrow.
The arrow hits the daeva!
You block the daeva's attack. The daeva barely misses you.
The raiju bites you but does no damage.
The thrashing horror completely misses you.
You block the thrashing horror's attack.
Your deep elf master archer unwields a +0 longbow.
Your deep elf master archer hits the daeva!
The balrug gestures at you.
The bolt of fire hits the thrashing horror!!
The thrashing horror resists.
The thrashing horror is destroyed!
The bolt of fire hits you! You resist.
* * * LOW HITPOINT WARNING * * *
The bolt of fire hits you! You resist.
You die...
Your body glows with a rainbow of weird colours and disappears.

## # .. .# # .
#.#. .##.#.
...## ..#.#..
... .#.#.#...
#.°...§#
#AR#..#
#####e@N..# #
..##.h.##
.##.....#.....
#.. #w2#
#....... #..#.
####..#. .. ..
#.# ##.# #
#.##. ..# #. #
.........## #
## .... .. ..
##. .


You could see a daeva (ally target), a balrug, an efreet (distracted, poisoned),
a raiju, a friendly deep elf master archer (summoned) and a friendly naga
sharpshooter (summoned, catching breath).

Vanquished Creatures
  Mara (Snake:4)
  the Lernaean hydra (Swamp:4)
  Jorgrun (D:14)
  A tentacled starspawn (Abyss:4)
  Frances (Swamp:2)
  Kirke (Snake:1)
  A tengu reaver (D:14)
  3 thorn hunters
  Aizul (Snake:1)
  4 nagarajas (Snake:4)
  A deep elf sorcerer (Elf:1)
  A fire giant (D:14)
  A cacodemon (Abyss:4)
  2 reapers
  An ironbound preserver (D:13)
  5 eleionomae
  A bunyip (Swamp:1)
  9 starcursed masses (Abyss:4)
  A deep elf high priest (Elf:1)
  A fire dragon (D:14)
  A yaktaur captain (D:14)
  Fannar (D:11)
  25 hydras
  A shambling mangrove (Swamp:3)
  2 salamander tyrants (Snake:3)
  5 ghost crabs
  6 anacondas
  Erolcha (D:12)
  An ice dragon (D:14)
  3 centaur warriors
  5 two-headed ogres
  Erica (D:11)
  A catoblepas (D:14)
  An ogre mage (D:14)
  8 alligators
  A spriggan air mage (Swamp:3)
  4 boulder beetles
  24 naga warriors
  6 death yaks (Lair:5)
  3 hell hogs (Abyss:2)
  A sphinx skeleton (D:15)
  A vampire mage (D:14)
  10 dancing weapons
  5 shock serpents
  5 tengu warriors
  5 orc high priests
  4 thrashing horrors
  A sun demon (Abyss:4)
  12 naga sharpshooters
  5 deep elf knights (Elf:1)
  A wretched star (Abyss:2)
  A shadow wraith (D:13)
  2 skysharks
  4 salamander mystics
  2 skeletal warriors (D:15)
  2 goliath frogs
  7 mana vipers
  5 spriggan druids
  2 storm dragon skeletons (D:15)
  2 arcanists
  13 bog bodies
  7 naga ritualists
  A glowing orange brain (Abyss:4)
  8 swamp dragons
  2 lindwurms (Lair:5)
  A wolf spider zombie (D:13)
  An orc knight (D:15)
  A phantasmal warrior (D:14)
  4 deep elf archers
  8 deep elf zephyrmancers
  A harpy (shapeshifter) (D:13)
  11 necromancers
  A wolf spider (D:15)
  13 deep elf pyromancers
  2 orc sorcerers (Orc:2)
  14 ugly things
  7 will-o-the-wisps
  5 cyclopes (D:14)
  6 spectral centaurs (D:13)
  Maurice (Orc:1)
  4 large abominations
  5 manticores
  15 elephants
  15 salamanders
  A moth of wrath (Snake:1)
  3 meliai (D:13)
  A smoke demon (Abyss:2)
  A meliai (shapeshifter) (D:13)
  2 ice statues (IceCv)
  An apocalypse crab (Abyss:4)
  35 black mambas
  27 naga magi
  3 molten gargoyles (Lair:5)
  5 guardian serpents
  3 centaur skeletons (D:13)
  9 cane toads
  An unseen horror (D:12)
  3 rime drakes
  2 gargoyles
  2 freezing wraiths
  A redback zombie (D:13)
  A kobold demonologist (D:10)
  A tengu conjurer (D:14)
  6 ice devils (IceCv)
  10 komodo dragons
  6 yaktaurs (D:15)
  An ancient zyme (Abyss:4)
  2 anaconda simulacra (IceCv)
  A queen bee (D:13)
  8 trolls
  6 polar bears
  A harpy skeleton (D:13)
  12 hornets
  7 tyrant leeches
  A hellwing (Abyss:2)
  6 raiju
  12 blink frogs
  17 dream sheep
  5 centaur simulacra
  17 spriggans
  2 water elementals (Elf:1)
  4 wraiths
  5 dire elephant simulacra (IceCv)
  4 wyverns
  A wyvern (shapeshifter) (D:14)
  A ynoxinul (Abyss:2)
  2 shadows
  2 hogs (Snake:1)
  Eustachio (D:4)
  A death yak simulacrum (IceCv)
  A redback (D:14)
  40 yaks
  11 basilisks
  A chaos spawn (Abyss:4)
  3 wargs
  18 vampire mosquitoes
  Grum (D:8)
  5 steam dragons
  A small abomination (Abyss:2)
  13 swamp worms
  3 acid dragons
  47 nagas
  3 hell hounds (Lair:5)
  8 swamp drakes
  3 hydra simulacra (IceCv)
  20 water moccasins
  An ice beast (shapeshifter) (D:13)
  2 sky beasts
  4 ice beasts (D:10)
  28 orc warriors
  3 black bears
  3 meliai simulacra
  3 elephant zombies (Lair:4)
  18 wolves
  6 ogres
  5 centaurs
  2 kobold brigands
  15 bullfrogs
  2 elf zombies (Ossuary)
  A brain worm (Abyss:4)
  An earth elemental (Elf:1)
  A gnoll sergeant (D:5)
  2 scorpions
  10 wights
  7 vampire bats (Bailey)
  20 killer bees
  7 wolf zombies (Bailey)
  4 electric eels (Lair:4)
  2 howler monkeys
  5 lava snakes (Lair:5)
  A basilisk zombie (Lair:4)
  6 hounds
  A quasit (Abyss:4)
  4 centaur zombies
  4 human zombies (Ossuary)
  2 gnoll boudas
  36 orc priests
  A spectral scorpion (Ossuary)
  9 jellies
  42 orc wizards
  4 iguanas
  A spriggan simulacrum (IceCv)
  2 boggart skeletons (D:13)
  A troll simulacrum (IceCv)
  4 spectral hounds (Ossuary)
  2 crocodile zombies (Ossuary)
  A boggart simulacrum (D:13)
  3 mummies (Ossuary)
  16 gnolls
  8 adders
  4 hound simulacra (Ossuary)
  A shadow imp (D:8)
  17 white imps
  2 ufetubi (D:6)
  3 spectral gnolls (Ossuary)
  3 dart slugs
  A ribbon worm (shapeshifter) (D:14)
  2 ribbon worms
  3 adder simulacra (Ossuary)
  82 orcs
  5 bats
  6 endoplasms
  A giant cockroach (D:1)
  11 goblins
  3 hobgoblins
  5 jackals (D:1)
  3 quokkas
  3 ball pythons (D:4)
  A frilled lizard (D:1)
  A gnoll simulacrum (Ossuary)
  3 gnoll zombies (Ossuary)
  6 kobolds
  10 kobold zombies (Ossuary)
  24 orc zombies
  6 rats
  2 spectral jackals (Ossuary)
  A starspawn tentacle (Abyss:4)
1291 creatures vanquished.

Vanquished Creatures (collateral kills)
  An orc warlord (D:11)
  An eleionoma (Swamp:4)
  A fire dragon (Lair:5)
  An alligator (Swamp:3)
  A goliath frog (Swamp:3)
  A spriggan druid (Swamp:3)
  A bog body (Swamp:3)
  A swamp dragon (Swamp:4)
  A spectral centaur (D:13)
  A centaur zombie (D:13)
  2 centaur skeletons (D:13)
  A vampire (Bailey)
  A warg (D:7)
  2 swamp worms (Swamp:3)
  A swamp drake (Swamp:4)
17 creatures vanquished.

Vanquished Creatures (others)
  An eleionoma (Swamp:1)
  A thrashing horror (Abyss:4)
  2 deep elf knights (Elf:1)
  A necromancer (D:13)
  2 hornets
  2 spriggans
  A human (Snake:1)
  A wight (Abyss:2)
  24 foxfires
  3 starspawn tentacles (Abyss:4)
38 creatures vanquished.

Grand Total: 1346 creatures vanquished

Notes
Turn   | Place    | Note
-------+----------+-------------------------------------------
     0 | D:1      | tish the Hill Orc Monk began the quest for the Orb.
     0 | D:1      | Reached XP level 1. HP: 19/19 MP: 1/1
   137 | D:1      | Reached skill level 1 in Maces & Flails
   168 | D:1      | Reached XP level 2. HP: 26/26 MP: 2/2
   177 | D:1      | Found a faded altar of an unknown god.
   798 | D:2      | Reached XP level 3. HP: 31/31 MP: 3/3
  1240 | D:2      | Reached XP level 4. HP: 38/39 MP: 4/4
  1364 | D:3      | You fall into a shaft and drop 3 floors!
  1370 | D:6      | Noticed a scorpion
  1396 | D:6      | Killed a scorpion
  1417 | D:6      | Reached XP level 5. HP: 34/45 MP: 5/5
  1523 | D:5      | Entered Level 5 of the Dungeon
  1617 | D:5      | Reached skill level 5 in Maces & Flails
  1789 | D:5      | Noticed an ogre
  1801 | D:5      | Killed an ogre
  1802 | D:5      | Reached skill level 4 in Fighting
  1802 | D:5      | Reached skill level 1 in Armour
  1802 | D:5      | Reached XP level 6. HP: 42/52 MP: 6/6
  1908 | D:5      | Noticed a black bear
  1923 | D:5      | Killed a black bear
  2066 | D:4      | Noticed Eustachio
  2085 | D:4      | Killed Eustachio
  2086 | D:4      | Reached XP level 7. HP: 25/59 MP: 7/7
  2640 | D:3      | Identified the +3 robe of Senaur {Will- Int+5 Stlth+
                  | Archmagi}
  3400 | D:4      | Reached skill level 5 in Fighting
  3470 | D:4      | Identified the ring "Lely" {*Slow Fly Will+ Int+5 SInv}
  3591 | D:4      | Found a sparkling altar of Nemelex Xobeh.
  3638 | D:4      | Became a worshipper of Nemelex Xobeh the Trickster
  3638 | D:4      | Reached * piety under Nemelex Xobeh
  3638 | D:4      | Received a gift from Nemelex Xobeh
  3638 | D:4      | Reached ** piety under Nemelex Xobeh
  3669 | D:4      | Reached skill level 1 in Invocations
  3669 | D:4      | Reached XP level 8. HP: 68/68 MP: 7/9
  4348 | D:5      | Reached skill level 1 in Shields
  4793 | D:6      | Found a white marble altar of Elyvilon.
  4862 | D:6      | Found a burning altar of Makhleb.
  5027 | D:6      | Reached skill level 5 in Invocations
  5213 | D:6      | Reached skill level 5 in Shields
  5676 | D:7      | Found a sand-covered staircase.
  5682 | Ossuary  | Entered an ossuary
  5924 | Ossuary  | Reached XP level 9. HP: 74/74 MP: 13/13
  5935 | Ossuary  | Received a gift from Nemelex Xobeh
  6105 | Ossuary  | Reached skill level 6 in Fighting
  6412 | D:7      | Found a staircase to the Ecumenical Temple.
  6448 | D:7      | Reached skill level 7 in Fighting
  6471 | Temple   | Entered the Ecumenical Temple
  6513 | D:7      | Reached *** piety under Nemelex Xobeh
  6771 | D:7      | Received a gift from Nemelex Xobeh
  6910 | D:7      | Found a basalt altar of Yredelemnul.
  6916 | D:7      | Found a shadowy altar of Dithmenos.
  6917 | D:7      | Found a broken altar of Ashenzari.
  6919 | D:7      | Found a radiant altar of Vehumet.
  6919 | D:7      | Found an iron altar of Okawaru.
  6920 | D:7      | Found a blossoming altar of Fedhas.
  6927 | D:7      | Found an ornate altar of the Wu Jian Council.
  7293 | D:8      | Noticed Grum
  7371 | D:7      | Reached XP level 10. HP: 18/86 MP: 15/15
  7647 | D:7      | Reached skill level 5 in Armour
  7910 | D:8      | Found a staircase to the Lair.
  7937 | D:8      | Reached skill level 8 in Fighting
  8166 | D:8      | Killed Grum
  8362 | D:8      | Reached skill level 9 in Fighting
  8500 | D:8      | Received a gift from Nemelex Xobeh
  8778 | D:8      | Reached skill level 10 in Maces & Flails
  9770 | D:9      | Reached XP level 11. HP: 89/95 MP: 16/16
  9920 | D:9      | Reached **** piety under Nemelex Xobeh
 10228 | D:9      | Received a gift from Nemelex Xobeh
 10422 | D:9      | Found a hide-covered altar of Uskayaw.
 10527 | D:10     | Entered Level 10 of the Dungeon
 10547 | D:10     | Identified the +1 robe "Ynisilag" {SInv}
 10591 | D:10     | Reached skill level 10 in Fighting
 10868 | D:10     | Found a flagged portal.
 10874 | Bailey   | Entered a bailey
 11255 | Bailey   | Identified the +0 plate armour of Anaesthesia {Str+4}
 11735 | Lair:1   | Entered Level 1 of the Lair of Beasts
 12008 | Lair:1   | Reached ***** piety under Nemelex Xobeh
 12008 | Lair:1   | Received a gift from Nemelex Xobeh
 12224 | Lair:1   | Received a gift from Nemelex Xobeh
 12562 | Lair:1   | Reached skill level 11 in Fighting
 13019 | Lair:2   | Reached XP level 12. HP: 110/110 MP: 17/17
 13025 | Lair:2   | Received a gift from Nemelex Xobeh
 13059 | Lair:2   | Found a staircase to the Snake Pit.
 13426 | Lair:2   | You fall into a shaft and drop 1 floor!
 13687 | Lair:2   | Noticed a skyshark
 13694 | Lair:2   | Killed a skyshark
 14092 | Lair:3   | Reached skill level 12 in Fighting
 14094 | Lair:3   | Received a gift from Nemelex Xobeh
 14462 | Lair:3   | Noticed a skyshark
 14467 | Lair:3   | a skyshark changed into a spriggan
 14602 | Lair:3   | Received a gift from Nemelex Xobeh
 14735 | Lair:3   | Found a staircase to the Swamp.
 14735 | Lair:3   | Noticed an eleionoma
 14748 | Lair:3   | Killed an eleionoma
 14854 | Lair:3   | Noticed a six-headed hydra
 14859 | Lair:3   | Killed a six-headed hydra
 15090 | Lair:4   | Reached skill level 15 in Maces & Flails
 15093 | Lair:4   | Reached XP level 13. HP: 103/118 MP: 19/19
 15294 | Lair:4   | Found a frozen archway.
 15295 | Lair:4   | Received a gift from Nemelex Xobeh
 15303 | IceCv    | Entered an ice cave
 15936 | IceCv    | Noticed a reaper
 15947 | IceCv    | Killed a reaper
 16007 | IceCv    | Got the Parchment of Rime
 16973 | Lair:4   | Received a gift from Nemelex Xobeh
 17134 | Lair:4   | Reached skill level 5 in Axes
 17438 | Lair:5   | Entered Level 5 of the Lair of Beasts
 17614 | Lair:5   | Found a staircase to the Slime Pits.
 17905 | Lair:5   | Reached XP level 14. HP: 126/126 MP: 20/20
 18005 | Lair:5   | Identified the +2 war axe "Zapex" {vamp, Dex+2}
 18017 | Lair:5   | Received a gift from Nemelex Xobeh
 18150 | Lair:5   | Reached skill level 10 in Armour
 18157 | Lair:5   | Reached skill level 10 in Shields
 18222 | Lair:5   | Reached skill level 10 in Invocations
 18500 | Lair:5   | Reached skill level 10 in Axes
 18948 | Lair:5   | Found a large runed translucent door.
 18948 | Lair:5   | Found a large runed translucent door.
 19600 | Lair:5   | Reached skill level 13 in Fighting
 19931 | Lair:5   | Got the Catalogue of Virulent Refrigeration
 20104 | D:11     | Received a gift from Nemelex Xobeh
 20271 | D:11     | Found a runed translucent door.
 20272 | D:11     | Noticed hitsuchi's ghost (journeyman NaAl)
 20272 | D:11     | Identified the +2 trident of Patience {spect, rF+}
 20319 | D:11     | Found a staircase to the Orcish Mines.
 20327 | D:11     | Reached ****** piety under Nemelex Xobeh
 20402 | D:11     | Noticed Erica
 20407 | D:11     | Killed Erica
 20745 | Orc:1    | Entered Level 1 of the Orcish Mines
 20745 | Orc:1    | Noticed Maurice
 20761 | Orc:1    | Killed Maurice
 20779 | Orc:1    | Received a gift from Nemelex Xobeh
 20917 | Orc:1    | Noticed Fannar
 20922 | Orc:1    | Noticed an orc warlord
 20936 | D:11     | Killed Fannar
 21062 | D:11     | Killed an orc warlord
 21292 | D:11     | Reached XP level 15. HP: 136/136 MP: 23/23
 21661 | Orc:2    | Entered Level 2 of the Orcish Mines
 22194 | Orc:2    | Found a staircase to the Elven Halls.
 22208 | Orc:2    | Received a gift from Nemelex Xobeh
 22542 | Orc:2    | Reached skill level 14 in Fighting
 22605 | Orc:2    | Found Suec's Weapon Shoppe.
 22605 | Orc:2    | Found Maorch's Magic Scroll Emporium.
 22606 | Orc:2    | Found Hon Feag's Distillery.
 22610 | Orc:2    | Found Ujoky's Jewellery Shoppe.
 22615 | Orc:2    | Bought a potion of cancellation for 136 gold pieces
 22615 | Orc:2    | Bought a potion of brilliance for 68 gold pieces
 22616 | Orc:2    | Bought a scroll of blinking for 105 gold pieces
 22616 | Orc:2    | Bought a scroll of identify for 28 gold pieces
 22616 | Orc:2    | Bought a scroll of identify for 28 gold pieces
 22616 | Orc:2    | Bought a scroll of identify for 28 gold pieces
 22616 | Orc:2    | Bought a scroll of fear for 56 gold pieces
 22621 | Orc:2    | Identified a scroll of acquirement
 22623 | Orc:2    | Acquired 771 gold pieces
 23009 | D:12     | Received a gift from Nemelex Xobeh
 23104 | D:12     | Noticed Erolcha
 23105 | D:12     | Killed Erolcha
 23261 | D:12     | Received a gift from Nemelex Xobeh
 23535 | D:12     | Received a gift from Nemelex Xobeh
 23979 | D:13     | Found a gate to the Vaults.
 24066 | D:13     | Received a gift from Nemelex Xobeh
 24739 | D:13     | Found an ancient bone altar of Kikubaaqudgha.
 25147 | D:13     | Reached XP level 16. HP: 147/147 MP: 25/25
 25210 | D:13     | Reached skill level 15 in Fighting
 25213 | D:13     | Reached skill level 1 in Evocations
 25431 | Orc:2    | Bought a ring of protection from fire for 425 gold pieces
 25562 | Snake:1  | Entered Level 1 of the Snake Pit
 25562 | Snake:1  | Received a gift from Nemelex Xobeh
 25566 | Snake:1  | Identified the +9 dagger of Context {drain, *Rage rElec
                  | Int+6 Stlth+}
 25780 | Snake:1  | Acquired the +2 cloak of the Carpenter {Str+4 Dex+3}
 25943 | Snake:1  | Noticed Kirke
 25958 | Snake:1  | Killed Kirke
 25959 | Snake:1  | Reached skill level 5 in Evocations
 26680 | Snake:1  | Identified the serpent talisman "Vuotoe" {Stlth+}
 26680 | Snake:1  | Noticed Aizul
 26690 | Snake:1  | Killed Aizul
 26767 | Snake:1  | Received a gift from Nemelex Xobeh
 27153 | Snake:1  | Noticed Asterion
 27154 | Snake:1  | Asterion changed into Asterion the moth of wrath
 27154 | Snake:1  | Noticed Asterion
 27158 | Snake:1  | Killed Asterion the moth of wrath
 27417 | Snake:2  | Found Guemuzat's Weapon Boutique.
 27990 | Snake:2  | Received a gift from Nemelex Xobeh
 29038 | Snake:3  | Reached skill level 16 in Fighting
 29236 | Snake:3  | Reached XP level 17. HP: 154/158 MP: 26/26
 29568 | Snake:3  | Received a gift from Nemelex Xobeh
 29996 | Snake:4  | Entered Level 4 of the Snake Pit
 30422 | Snake:3  | Upgraded the game from 0.31-a0-1597-ge7908ec95f to
                  | 0.31-a0-1606-g60c5cc7444
 32150 | Snake:4  | Noticed Mara
 32159 | Snake:4  | Killed Mara
 32618 | Snake:4  | Reached skill level 17 in Fighting
 33772 | Snake:4  | Received a gift from Nemelex Xobeh
 34805 | Snake:4  | Got a serpentine rune of Zot
 34980 | Swamp:1  | Entered Level 1 of the Swamp
 35207 | D:14     | Found an iron altar of Okawaru.
 35287 | D:14     | Noticed Jorgrun
 35305 | D:14     | Killed Jorgrun
 35306 | D:14     | Reached skill level 15 in Invocations
 35306 | D:14     | Reached XP level 18. HP: 123/171 MP: 29/29
 35635 | D:14     | Reached skill level 5 in Dodging
 35641 | D:14     | Reached skill level 18 in Fighting
 35704 | D:14     | Found the +8 Vampire's Tooth {megavamp}
 36154 | D:14     | Received a gift from Nemelex Xobeh
 37564 | Swamp:1  | Received a gift from Nemelex Xobeh
 39039 | Swamp:2  | Received a gift from Nemelex Xobeh
 39128 | Swamp:2  | Noticed Frances
 39139 | Swamp:2  | Killed Frances
 39251 | Swamp:3  | Found a runed translucent door.
 39955 | Swamp:3  | Noticed Cahekav's ghost (journeyman DrIE)
 40439 | Swamp:4  | Entered Level 4 of the Swamp
 41154 | Swamp:4  | Reached XP level 19. HP: 175/181 MP: 31/31
 41656 | Swamp:4  | Reached skill level 19 in Fighting
 42140 | Swamp:4  | Identified the +5 war axe of Theory {speed, Int+2}
 42793 | Swamp:4  | Noticed the 27-headed Lernaean hydra
 42802 | Swamp:4  | Killed the 27-headed Lernaean hydra
 42823 | Swamp:4  | Got a decaying rune of Zot
 43332 | D:15     | Entered Level 15 of the Dungeon
 43522 | D:15     | Found a staircase to the Depths.
 44284 | D:15     | Received a gift from Nemelex Xobeh
 44832 | Elf:1    | Entered Level 1 of the Elven Halls
 44941 | Elf:1    | Received a gift from Nemelex Xobeh
 45786 | Elf:1    | Reached skill level 15 in Shields
 45817 | Elf:1    | Reached skill level 15 in Armour
 46558 | Abyss:2  | Cast into level 2 of the Abyss (a deep elf sorcerer)
 46692 | Abyss:2  | Reached skill level 10 in Dodging
 46716 | Abyss:2  | Reached XP level 20. HP: 191/191 MP: 32/32
 46809 | Abyss:2  | Paralysed by accursed screaming for 2 turns
 46959 | Abyss:4  | Found a corrupted altar of Lugonu.
 47063 | Abyss:4  | HP: 2/191 [balrug/bolt of fire (12)]
 47063 | Abyss:4  | Killed from afar by a balrug

Illustrated notes

Levels and vault maps discovered:
D:1:      dpeg_arrival_solitude, layout_basic,
          ebering_ecumenical_altar_sacrificial, hex_medium
D:2:      layout_rooms, serial_curves, eino_curves_02, eino_curves_02,
          eino_curves_04, minmay_misc_feat_rows, chequers_avenue, minmay_tall_x
D:3:      layout_loops_ring
D:4:      layout_loops_ring, lemuel_tele_altar, grunt_ministairs_10,
          uniq_eustachio
D:5:      layout_rooms
D:6:      layout_loops_corners, mainiacjoe_overflow_catwalk,
          mainiacjoe_overflow_tiny_flanked, st_stairs_11
D:7:      layout_loops_ring, nicolae_overflow_hallway_of_the_gods,
          temple_pool_b, lightli_ossuary_entry_decrepit_ruins,
          nicolae_kite_square_tiling_tiny, chequers_serial_rivers_small_a,
          hangedman_abyss_or_decor_lesser_grid
D:8:      layout_cave_pools, erik_lair_orcish_takeover,
          kennysheep_generic_room_4, uniq_grum
D:9:      layout_gridville, nicolae_uskayaw_dance_hall
D:10:     layout_rooms, serial_ice, serial_ice_i, serial_ice_d, serial_ice_e,
          serial_ice_m, enter_bailey_3
D:11:     layout_basic, orc_0_dummy, ebering_ghost_funeral_grove,
          wad_rectangle_vault, uniq_erica
D:12:     layout_cave_pods, minivault_23, uniq_erolcha
D:13:     evilmike_negative_zone, layout_basic,
          skrybe_vaults_entry_preservation, nicolae_looking_at_the_future
D:14:     minmay_tile_spiral, layout_loops_ring, lemuel_round_altar,
          uniq_jorgrun
D:15:     gammafunk_depths_entry_grave, layout_basic, minivault_24
Temple:   grunt_temple_mini_profane
Lair:1:   layout_cave_pods, serial_bayou_pond_b
Lair:2:   layout_roguey, minmay_snake_entry_six_corridors, beast_lair_carwin_10
Lair:3:   layout_regular_city, alex1729_swamp_entry_worm_eleionoma,
          serial_bayou_lagoon_a, grunt_megastairs_3
Lair:4:   pond_and_an_island_with_a_cottage, layout_hall_layers,
          portal_ice_cave_entry_imps, beast_lair_carwin_9
Lair:5:   cheibrodos_lair_end_hotspot, layout_cave_shapes,
          nicolae_slime_entry_slimehenge, lemuel_fruit_tree
Swamp:1:  layout_basic_swamp, hangedman_swamp_ruin_wall
Swamp:2:  layout_basic_swamp, nicolae_swamp_orc_logging_accident, uniq_frances
Swamp:3:  nicolae_swamp_secret_spriggan_hideout, layout_falls_marsh,
          ebering_ghost_inner_flame, serial_swamp_ruin,
          evilmike_swamp_ruin_rubble_1, evilmike_swamp_ruin_house_2,
          swamp_pool_4
Swamp:4:  grunt_swamp_rune_castle, layout_basic_swamp
Snake:1:  layout_honeycomb, uniq_aizul, uniq_kirke, uniq_asterion
Snake:2:  layout_rooms, serial_shops, shop, nicolae_letterblocks
          [nicolae_letter_subblock, nicolae_letter_subblock,
          nicolae_letter_subblock, nicolae_letter_subblock,
          nicolae_letter_subblock, nicolae_letter_subblock,
          nicolae_letter_subblock, nicolae_letter_subblock,
          nicolae_letter_subblock, nicolae_letter_subblock,
          nicolae_letter_subblock, nicolae_letter_subblock,
          nicolae_letter_subblock, nicolae_letter_subblock,
          nicolae_letter_subblock, nicolae_letter_subblock,
          nicolae_letter_subblock, nicolae_letter_subblock,
          nicolae_letter_subblock, nicolae_letter_subblock,
          nicolae_letter_subblock, nicolae_letter_subblock,
          nicolae_letter_subblock, nicolae_letter_subblock,
          nicolae_letter_subblock], grunt_megastairs_1
Snake:3:  layout_grid_shapes
Snake:4:  snake_pit, layout_misc_corridors, uniq_mara
Orc:1:    layout_caves, uniq_fannar, uniq_maurice
Orc:2:    st_orc_mages, layout_caves
Elf:1:    nicolae_elf_arrival_fired_up, layout_geoelf_octagon,
          serial_co_window_serial, co_window_corner_a,
          co_window_of_opportunity_a, co_window_paths_a,
          co_window_of_opportunity_a, co_window_paths_b, co_window_paths_b,
          co_window_paths_b, co_window_2corner, co_window_broadway_c,
          co_window_of_opportunity_c, co_window_2corner,
          co_window_of_opportunity_c, co_window_paths_c, glass_columns_a,
          glass_columns_b, glass_columns_a, glass_columns_a,
          kennysheep_underground_church
Elf:2:    elven_hall_of_blades_hangedman_original
          [nicolae_blade_entry_splitting_headache], layout_geoelf_grid,
          lemuel_upstairs_altar, uniq_louise
Abyss:4:  base: Snake:3, base: D:4, evilmike_abyss_exit_chaos

Skill      XL: |  1  2  3  4  5  6  7  8  9 10 11 12 13 14 15 16 17 18 19 |
---------------+----------------------------------------------------------+-----
Maces & Flails | 1 2 3 4 5 6 7 9 10 13 15 17 | 17.9
Fighting       | 4 5 7 9 11 12 13 14 16 17 18 19 | 19.3
Armour         | 1 3 4 7 8 9 10 11 13 14 15 | 15.0
Invocations    | 1 5 6 7 8 10 12 13 15 16 17 | 17.0
Shields        | 5 7 8 9 10 11 13 14 15 | 15.0
Axes           | 9 11 12 | 12.6
Evocations     | 5 7 8 |  8.0
Dodging        | 4 8 10 | 10.0

Action                     |  1- 3 |  4- 6 |  7- 9 | 10-12 | 13-15 | 16-18 | 19-21 || total
---------------------------+-------+-------+-------+-------+-------+-------+-------++-------
  Melee: Whip              |    74 |    65 |   282 |       |       |       |       ||   421
         Hand axe          |     8 |       |       |       |       |       |       ||     8
         Flail             |       |       |   229 |   228 |       |       |       ||   457
         Punch             |       |       |     1 |       |       |       |       ||     1
         Morningstar       |       |       |       |   679 |   736 |   251 |   648 ||  2314
         Broad axe         |       |       |       |       |   771 |  1323 |   155 ||  2249
         Dagger            |       |       |       |       |       |    11 |       ||    11
 Invoke: Draw Destruction  |       |       |     1 |     6 |    12 |     7 |     2 ||    28
         Draw Summoning    |       |       |     1 |     1 |     3 |     3 |     4 ||    12
         Triple Draw       |       |       |       |     2 |     2 |     3 |       ||     7
  Evoke: Wand              |       |       |       |     2 |     1 |     1 |       ||     4
    Use: Scroll            |       |     4 |     6 |     8 |     7 |    10 |     8 ||    43
         Potion            |       |     3 |       |     2 |     2 |     9 |     4 ||    20
   Stab: Sleeping          |     1 |       |       |       |       |       |       ||     1
         Distracted        |       |       |       |     1 |       |     2 |       ||     3
         Invisible         |       |       |       |       |     3 |       |       ||     3
         Petrifying        |       |       |       |       |       |       |     1 ||     1
         Petrified         |       |       |       |       |       |       |     1 ||     1
 Armour: Robe              |    12 |       |       |       |       |       |       ||    12
         Leather armour    |     4 |       |       |       |       |       |       ||     4
         Ring mail         |     6 |    53 |   272 |   183 |       |       |       ||   514
         Plate armour      |       |       |       |   350 |  1087 |  1117 |   667 ||  3221
  Dodge: Dodged            |    48 |    48 |   161 |   229 |   335 |   419 |   297 ||  1537
  Block: Kite shield       |       |       |   240 |   759 |  1046 |  1231 |   651 ||  3927

Table legend: (Time is in decaauts)
 A = Elapsed time spent in this place.
 B = Non-inter-level travel time spent in this place.
 C = Inter-level travel time spent in this place.
 D = Time resting spent in this place.
 E = Time spent auto-exploring this place.
 F = Levels seen in this place.
 G = Mean time per level.
                   A        B        C        D        E       F      G
               +--------+--------+--------+--------+--------+-----+--------+
         Total |  46514 |  43872 |   2642 |  13749 |  18233 |  39 | 1192.7 |
       Dungeon |  17670 |  16377 |   1293 |   3719 |   8484 |  15 | 1178.0 |
        Temple |      1 |      1 |      0 |      0 |      0 |   1 |    1.0 |
          Lair |   7772 |   7339 |    433 |   1362 |   3865 |   5 | 1554.4 |
         Swamp |   5915 |   5616 |    299 |   2745 |   1471 |   4 | 1478.8 |
     Snake Pit |   9184 |   8727 |    457 |   4378 |   2435 |   4 | 2296.0 |
  Orcish Mines |   1781 |   1644 |    137 |    492 |    587 |   2 |  890.5 |
   Elven Halls |   1668 |   1647 |     21 |    270 |    955 |   2 |  834.0 |
         Abyss |    469 |    469 |      0 |    127 |     38 |   3 |  156.3 |
       Ossuary |    595 |    595 |      0 |    105 |    114 |   1 |  595.0 |
        Bailey |    506 |    506 |      0 |     60 |    134 |   1 |  506.0 |
      Ice Cave |    948 |    948 |      0 |    490 |    149 |   1 |  948.0 |
               +--------+--------+--------+--------+--------+-----+--------+

Top non-repeatable levels by time:
 Snake:4: 2926 daAuts
 Snake:3: 2509 daAuts
  Lair:5: 2338 daAuts
 Snake:2: 1990 daAuts
 Swamp:3: 1983 daAuts
     D:8: 1971 daAuts
 Snake:1: 1759 daAuts
    D:14: 1725 daAuts
    D:13: 1654 daAuts
 Swamp:4: 1643 daAuts
   Elf:1: 1636 daAuts
     D:7: 1611 daAuts
  Lair:1: 1559 daAuts
  Lair:4: 1519 daAuts
     D:4: 1414 daAuts
